 Dungeon Crawl Stone Soup version 0.25-a0-1007-g10a8c3caa8 (webtiles) character file.

Game seed: 630971315133111666, levelgen mode: deterministic

2223 sanka the Frost Mage (level 9, 0/57 HPs)
             Began as a Barachi Ice Elementalist on May 9, 2020.
             Was a Follower of Vehumet.
             Slain by a sky beast (2 damage)
             ... on level 7 of the Dungeon on May 11, 2020.
             The game lasted 00:27:57 (7997 turns).

sanka the Frost Mage (Barachi Ice Elementalist)     Turns: 7997, Time: 00:27:58

Health: 0/57       AC:  6    Str:  9    XL:     9   Next: 35%
Magic:  10/17      EV: 12    Int: 18    God:    Vehumet [*.....]
Gold:   459        SH:  0    Dex: 14    Spells: 8/19 levels left

rFire    . . .     SeeInvis .   b - +0 morningstar
rCold    . . .     Gourm    .   (no shield)
rNeg     . . .     Faith    .   x - +2 leather armour {rPois}
rPois    +         Spirit   .   (no helmet)
rElec    .         Reflect  .   (no cloak)
rCorr    .         Harm     .   (no gloves)
MR       .....                  s - +0 pair of boots
Stlth    +++.......             (no amulet)
HPRegen  0.19/turn              q - ring of stealth
MPRegen  0.15/turn              k - ring of poison resistance

@: frozen ramparts, slow
A: +LOS, swims, slowness 1, strong legs 1
a: Hop, Renounce Religion


You were on level 7 of the Dungeon.
You worshipped Vehumet.
Vehumet was aware of your devotion.
You were hungry.

You visited 2 branches of the dungeon, and saw 8 of its levels.

You collected 524 gold pieces.
You spent 65 gold pieces at shops.


Innate Abilities, Weirdness & Mutations

You can be seen from farther away. (+LOS)
You can swim through water.
You cover ground slowly.
You can hop short distances.


   Skills:
 - Level 2.1 Dodging
 - Level 1.7 Stealth
 + Level 5.7 Spellcasting
 - Level 4.0 Summonings
 * Level 12.8 Ice Magic


You had 8 spell levels left.
You knew the following spells:

 Your Spells              Type           Power        Failure   Level  Hunger
a - Ozocubu's Armour      Chrm/Ice       ####....     3%          3    ##.....
x - Summon Ice Beast      Ice/Summ       #####...     5%          4    ####...
y - Frozen Ramparts       Ice            ######       1%          3    ##.....
z - Freeze                Ice            ####         1%          1    None

Your spell library contained the following spells:

 Spells                   Type           Power        Failure   Level  Hunger
 Magic Dart               Conj           #...         17%         1    None
 Summon Small Mammal      Summ           ###.         3%          1    None
 Call Imp                 Summ           ###.....     4%          2    None
 Call Canine Familiar     Summ           ###.....     10%         3    ##.....
 Hailstorm                Conj/Ice       ####....     12%         4    ####...
 Summon Guardian Golem    Hex/Summ       ##......     22%         3    ##.....
 Summon Lightning Spire   Summ/Air       ##......     58%         4    ####...

Inventory:

Hand Weapons
 a - a +0 hunting sling
 b - a +0 morningstar (weapon)
 i - a +1 whip of venom
 D - a +0 mace of draining
Missiles
 g - 375 stones (quivered)
 t - 39 sling bullets
Armour
 s - a +0 pair of boots (worn)
 x - a +2 leather armour of poison resistance (worn)
Jewellery
 k - a ring of poison resistance (right hand)
 q - a ring of stealth (left hand)
Wands
 w - a wand of polymorph (6)
 C - a wand of paralysis (8)
Scrolls
 d - a scroll of blinking
 e - 2 scrolls of holy word {unknown}
 j - 3 scrolls of enchant weapon
 l - 3 scrolls of magic mapping
 o - 3 scrolls of remove curse
 r - 3 scrolls of immolation {!r}
 y - 2 scrolls of amnesia
 F - a scroll of silence {!r}
 H - 3 scrolls of teleportation {@r4}
Potions
 f - 2 potions of haste {@q3}
 h - a potion of might
 m - 2 potions of curing {@q1}
 n - a potion of stabbing {unknown}
 p - a potion of invisibility {unknown}
 v - 3 potions of lignification {unknown}
 z - a potion of mutation {!q}
 A - 2 potions of degeneration {unknown}
 B - 5 potions of flight
 G - a potion of brilliance {unknown}
 I - a potion of magic {unknown}
 J - a potion of heal wounds {unknown}
Comestibles
 c - 9 rations
 u - a chunk of flesh

Dungeon Overview and Level Annotations

Branches:
Dungeon (7/15)             Temple (1/1) D:6

Altars:
Fedhas
Gozag
Hepliaklqana
Kikubaaqudgha
Makhleb
Nemelex Xobeh
Okawaru
Qazlal
Sif Muna
Uskayaw
Vehumet
Wu Jian
Yredelemnul
The Shining One

Shops:
D:5 *

Annotations:
D:7 Joseph

▒▒▒ ▒..▒ ▒...▒▒ ▒....▒▒▒ ▒▒
▒......▒ ▒.▒▒▒ ▒▒....).▒▒
▒▒▒▒....▒ .▒........▒▒
▒▒........ .. ▒▒......▒▒
▒......... ...▒.....FZ.▒▒
▒.........
..........Y((▒▒▒▒.........
................<▒▒.........
...............(..▒.........
..........£.....?[[▒........
...................÷........
▒.................)..<......
▒...........▒▒...@).........
.........▒▒▒▒.)...........


You could see Joseph, a sky beast and a howler monkey skeleton.


Message History

The wall freezes the howler monkey skeleton.
Joseph shoots a sling bullet.
The sling bullet hits you!
* * * LOW HITPOINT WARNING * * *
The howler monkey skeleton resists.
The wall freezes the howler monkey skeleton.
The howler monkey skeleton barely misses you.
Things that are here:
a sling bullet a big kobold corpse The howler monkey skeleton completely resists.
The wall freezes the howler monkey skeleton but do no damage.
Joseph shoots a sling bullet.
The sling bullet hits you.
* * * LOW HITPOINT WARNING * * *
You see here a sling bullet.
Something hits you but does no damage.
The howler monkey skeleton resists.
The wall freezes the howler monkey skeleton.
Joseph shoots a sling bullet.
The sling bullet hits you!
* * * LOW HITPOINT WARNING * * *
A sky beast appears from thin air!
Reactivating autopickup.
The sky beast barely misses you.
There is a stone staircase leading up, spattered with blood here.
You see here a sling bullet.
The howler monkey skeleton barely misses you.
The sky beast hits you.
You die...

Action                   |  1- 3 |  4- 6 |  7- 9 || total
-------------------------+-------+-------+-------++-------
Melee: Spear             |    42 |    16 |       ||    58
       Whip              |       |    12 |    16 ||    28
       Rapier            |       |     5 |       ||     5
       Flail             |       |       |    40 ||    40
       Morningstar       |       |       |    15 ||    15
 Fire: Hunting sling     |       |    27 |    56 ||    83
Throw: Stone             |     1 |       |       ||     1
 Cast: Freeze            |    54 |    63 |    64 ||   181
       Frozen Ramparts   |       |     7 |    20 ||    27
       Ozocubu's Armour  |       |     2 |    10 ||    12
       Summon Ice Beast  |       |       |     3 ||     3
 Abil: Hop               |       |       |     1 ||     1
  Use: Scroll            |     2 |     4 |     8 ||    14
 Stab: Sleeping          |     1 |       |       ||     1
  Eat: Chunk             |     3 |     9 |    15 ||    27
Armor: Robe              |    10 |     2 |       ||    12
       Leather armour    |       |    12 |    98 ||   110
Dodge: Dodged            |    33 |    38 |   128 ||   199

Levels and vault maps discovered:
D:1:      arrival_aquarium_a, layout_basic
D:2:      layout_loops_ring
D:3:      layout_loops_cross, nicolae_overflow_crystal_walls,
          minmay_tree_intersection, uniq_ijyb, uniq_jessica
D:4:      layout_basic, lemuel_coloured_pillars_altar, first_ration
D:5:      minmay_spotlight, layout_rooms, serial_shops,
          nicolae_shop_competitors_out_of_business, minmay_gold_behind_fungi
D:6:      layout_loops_ring, chequers_temple_overflow_statue_of_worship,
          minmay_temple_entry_statues_fountains
D:7:      layout_cave_pods, lemuel_round_altar, minmay_unpleasant_kobolds,
          uniq_joseph
Temple:   minmay_temple_curvy_loop

Notes
Turn   | Place    | Note
-------+----------+-------------------------------------------
     0 | D:1      | sanka the Barachi Ice Elementalist began the quest for the
                  | Orb.
     0 | D:1      | Reached XP level 1. HP: 13/13 MP: 3/3
     3 | D:1      | Noticed an electric eel
   325 | D:1      | Reached XP level 2. HP: 19/19 MP: 2/5
   435 | D:1      | Reached skill level 3 in Spellcasting
   801 | D:1      | Reached XP level 3. HP: 23/24 MP: 4/8
   806 | D:1      | Learned a level 3 spell: Frozen Ramparts
   810 | D:1      | Learned a level 3 spell: Ozocubu's Armour
  1244 | D:1      | Reached skill level 5 in Ice Magic
  1751 | D:2      | Reached XP level 4. HP: 20/30 MP: 4/9
  2527 | D:3      | Found an opulent altar of Gozag.
  2684 | D:3      | Noticed Ijyb
  2691 | D:3      | Killed Ijyb
  2691 | D:3      | Reached skill level 4 in Spellcasting
  2691 | D:3      | Reached skill level 6 in Ice Magic
  2909 | D:3      | Noticed Jessica
  2913 | D:3      | Killed Jessica
  2913 | D:3      | Reached XP level 5. HP: 35/35 MP: 5/11
  3587 | D:3      | Reached skill level 7 in Ice Magic
  3650 | D:4      | Learned a level 4 spell: Summon Ice Beast
  3788 | D:4      | Reached XP level 6. HP: 41/41 MP: 12/12
  3814 | D:4      | Reached skill level 8 in Ice Magic
  4115 | D:4      | Noticed a phantom
  4147 | D:4      | Killed a phantom
  4147 | D:4      | Reached skill level 9 in Ice Magic
  4147 | D:4      | Reached XP level 7. HP: 46/46 MP: 13/13
  4321 | D:4      | Upgraded the game from 0.25-a0-975-gcae8493d64 to
                  | 0.25-a0-1007-g10a8c3caa8
  4418 | D:4      | Reached skill level 1 in Summonings
  4748 | D:4      | Found an ornate altar of the Wu Jian Council.
  4848 | D:5      | Entered Level 5 of the Dungeon
  4866 | D:5      | Found Onereas's General Store.
  5084 | D:5      | Noticed a wyvern
  5092 | D:5      | Killed a wyvern
  5092 | D:5      | Reached skill level 2 in Summonings
  5092 | D:5      | Reached skill level 10 in Ice Magic
  5343 | D:5      | Got an encrusted ring mail
  5354 | D:5      | Identified the +2 ring mail of Nuoseaq {rC- Int+4} (You
                  | found it on level 5 of the Dungeon)
  5613 | D:5      | Bought a scroll of teleportation for 39 gold pieces
  5613 | D:5      | Bought a scroll of identify for 26 gold pieces
  5629 | D:6      | Found an ancient bone altar of Kikubaaqudgha.
  5629 | D:6      | Found a shimmering blue altar of Sif Muna.
  5635 | D:6      | Reached skill level 3 in Summonings
  5635 | D:6      | Reached XP level 8. HP: 31/52 MP: 5/14
  5961 | D:6      | Found a staircase to the Ecumenical Temple.
  6078 | Temple   | Entered the Ecumenical Temple
  6226 | Temple   | Became a worshipper of Vehumet
  6292 | D:6      | HP: 2/52 [wyvern zombie (9)]
  6639 | D:6      | Reached skill level 4 in Summonings
  6828 | D:6      | Reached skill level 11 in Ice Magic
  7710 | D:7      | Noticed a two-headed ogre
  7724 | D:7      | Killed a two-headed ogre
  7724 | D:7      | Reached skill level 5 in Spellcasting
  7724 | D:7      | Reached skill level 12 in Ice Magic
  7724 | D:7      | Reached XP level 9. HP: 36/57 MP: 2/17
  7774 | D:7      | Reached * piety under Vehumet
  7774 | D:7      | Offered knowledge of Magic Dart by Vehumet.
  7989 | D:7      | Noticed Joseph
  7996 | D:7      | HP: 2/57 [Joseph/sling bullet (17)]
  7997 | D:7      | Slain by a sky beast

Vanquished Creatures
  A wyvern (D:5)
  A phantom (D:4)
  3 ogres
  A centaur (D:6)
  A big kobold (D:7)
  2 bullfrogs
  A gnoll sergeant (D:6)
  A wyvern zombie (D:6)
  2 scorpions
  A quasit (D:6)
  3 jellies
  A centaur skeleton (D:3)
  2 orc priests (D:4)
  3 orc wizards
  Jessica (D:3)
  2 iguanas (D:4)
  6 worker ants
  Ijyb (D:3)
  A hound zombie (D:5)
  A hound skeleton (D:6)
  A worker ant zombie (D:5)
  3 gnolls (D:6)
  7 adders
  2 shadow imps
  3 worms
  7 dart slugs
  7 leopard geckos
  11 orcs
  5 giant cockroaches
  3 goblins
  7 hobgoblins
  18 jackals
  9 kobolds
  2 quokkas
  2 ball pythons
  10 bats
  6 frilled lizards
  2 rats
  A fungus (D:5)
141 creatures vanquished.

Vanquished Creatures (collateral kills)
  A two-headed ogre (D:7)
  A howler monkey (D:7)
  2 adders (D:7)
  An adder skeleton (D:7)
  An orc (D:7)
6 creatures vanquished.

Vanquished Creatures (others)
  3 toadstools (D:5)
3 creatures vanquished.

Grand Total: 150 creatures vanquished
